 Dungeon Crawl Stone Soup version 0.28.0-43-g3370ac3207 (webtiles) character file.

Game seed: 10393070589797408808

2508 Kaptain the Digger (level 9, -4/55 HPs)
             Began as a Gargoyle Earth Elementalist on Mar 29, 2022.
             Killed from afar by a ynoxinul (30 damage)
             ... with an iron shot
             ... summoned by an orc high priest
             ... in a bailey.
             The game lasted 00:10:10 (8216 turns).

Kaptain the Digger (Gargoyle Earth Elementalist)    Turns: 8216, Time: 00:10:10

Health: -4/55      AC: 13    Str: 20    XL:     9   Next: 53%
Magic:  0/17       EV: 12    Int: 20    God:
Gold:   278        SH:  0    Dex: 10    Spells: 14/18 levels left

rFire   . . .      SeeInvis .   t - +6 whip of Supply {vorpal, Str+8}
rCold   . . .      Faith    .   (no shield)
rNeg    + . .      Spirit   .   u - +0 steam dragon scales
rPois   ∞          Reflect  .   C - +0 helmet
rElec   +          Harm     .   (no cloak)
rCorr   .          Rampage  .   (no gloves)
Will    .....                   (no boots)
Stlth   ++........              (no amulet)
HPRegen 0.18/turn               (no ring)
MPRegen 0.15/turn               (no ring)

@: no status effects
A: sickness immunity, AC +6, negative energy resistance 1, electricity
resistance, torment resistance 1, petrification resistance
a: no special abilities


You were in a bailey.
You visited 2 branches of the dungeon, and saw 8 of its levels.
You also visited: Bailey.

You collected 322 gold pieces.
You spent 44 gold pieces at shops.

Inventory:

Hand Weapons
 o - a +0 falchion
 t - the +6 whip of Supply (weapon) {vorpal, Str+8}
   (You found it on level 4 of the Dungeon)

   It inflicts extra damage upon your enemies.
   Str:       It affects your strength (+8).
Missiles
 b - a throwing net
 c - 124 stones
 e - 20 poisoned darts
 j - 25 sling bullets
Armour
 u - +0 steam dragon scales (worn)
 C - a +0 helmet (worn)
Wands
 y - a wand of charming (11)
Scrolls
 h - 2 scrolls of holy word {unknown}
 i - 2 scrolls of fear {unknown}
 l - 2 scrolls of blinking {unknown}
 m - a scroll of noise {unknown}
 n - 4 scrolls of identify {unknown}
 p - a scroll of enchant armour {unknown}
 q - 2 scrolls of magic mapping {unknown}
 v - a scroll of teleportation {unknown}
 B - a scroll of enchant weapon {unknown}
Potions
 a - 2 potions of magic {unknown}
 d - 4 potions of curing
 f - a potion of cancellation {unknown}
 k - a potion of haste {unknown}
 r - 2 potions of lignification {unknown}
 s - a potion of mutation {unknown}
 w - a potion of resistance {unknown}
 z - a potion of attraction {unknown}
 A - a potion of flight {unknown}


   Skills:
 * Level 5.9 Fighting
 + Level 4.0 Armour
 + Level 3.6 Dodging
 - Level 2.1 Stealth
 * Level 5.4 Spellcasting
 * Level 5.9 Conjurations
 - Level 0.7 Transmutations
 * Level 7.7 Earth Magic


You had 14 spell levels left.
You knew the following spells:

 Your Spells              Type           Power      Damage    Failure   Level
a - Sandblast             Erth           72%        2d16      1%          1
b - Stone Arrow           Conj/Erth      64%        3d11      1%          3

Your spell library contained the following spells:

 Spells                   Type           Power      Damage    Failure   Level
 Passwall                 Tmut/Erth      18%        N/A       3%          2
 Petrify                  Tmut/Erth      22%        N/A       19%         4


Dungeon Overview and Level Annotations

Branches:
Dungeon (7/15)             Temple (1/1) D:4          Bailey (1/1)

Altars:
Ashenzari
Cheibriados
Dithmenos
Elyvilon
Fedhas
Gozag
Hepliaklqana
Kikubaaqudgha
Makhleb
Nemelex Xobeh
Qazlal
Ru
Sif Muna
Trog
Uskayaw
Vehumet
Wu Jian
Xom
Yredelemnul
Zin
The Shining One

Shops:
D:2 !


Innate Abilities, Weirdness & Mutations

You are immune to sickness and miasma.
Your stone body is resilient. (AC +6)
You are immune to poison.
You resist negative energy. (rN+)
You are resistant to electric shocks. (rElec)
You are resistant to unholy torment.
You are immune to petrification.


Message History

Beogh smites you! The ufetubus closely misses you. x2
Unknown command.
You hit the orc high priest but do no damage.
The orc high priest is severely wounded.
The orc high priest hits you but does no damage.
The ufetubus hits you but does no damage.
The ufetubus barely misses you.
Unknown command.
Casting: Stone Arrow (safe; 1% risk of failure)
Confirm with . or Enter, or press ? or * to list all spells.
Aiming: Sandblast (safe; 1% risk of failure)
Press: ? - help, Shift-Dir - straight line, f/p - orc high priest
Aim: an orc high priest, wielding a +0 war axe and wearing a +0 scale mail (severely wounded, 80% to hit)
The blast of sand misses the orc high priest.
The ufetubus barely misses you.
The ufetubus hits you but does no damage.
The orc high priest calls down the wrath of Beogh upon you.
Beogh smites you!
You closely miss the orc high priest.
The orc high priest is severely wounded.
The orc high priest hits you but does no damage.
The orc high priest hits you with a +0 war axe!
* * * LOW HITPOINT WARNING * * *
Unknown command.
You feel better. The ynoxinul closely misses you.
The orc high priest hits you with a +0 war axe.
* * * LOW HITPOINT WARNING * * *
Casting: Sandblast (safe; 1% risk of failure)
Confirm with . or Enter, or press ? or * to list all spells.
Aiming: Sandblast (safe; 1% risk of failure)
Press: ? - help, Shift-Dir - straight line, f/p - orc high priest
Aim: an orc high priest, wielding a +0 war axe and wearing a +0 scale mail (severely wounded, 80% to hit)
The blast of sand hits the orc high priest but does no damage.
The orc high priest is severely wounded.
The ynoxinul barely misses you. The orc high priest barely misses you.
You feel better. The ynoxinul gestures at you. The iron shot hits you!!
Ouch! That really hurt!
You die...

#.... .). #+## ##'#
#..# #..# #..# #..#
#..# #5.# #..# #55#
#..# #3o# ##)# #@##
#..# #..# #.8# #8.#
#..# #..# #.8####
####8)#
#.)...#######...).#
#.8)..#.....#..)8.#
#.....#.....#.....#
####..#..⌠..#..####


You could see an orc high priest, a ynoxinul (summoned) and 3 ufetubi.

Vanquished Creatures
  Pikel (D:5)
  A steam dragon (D:6)
  A water moccasin (D:6)
  A black bear (D:4)
  An ice beast (D:6)
  5 orc warriors
  4 ogres
  A lemure (D:5)
  3 scorpions
  A water moccasin zombie (D:6)
  2 water moccasin skeletons
  An orc priest (D:7)
  2 hounds
  2 jellies
  3 iguanas (D:6)
  2 orc wizards (D:4)
  A hound skeleton (D:5)
  3 gnolls (Bailey)
  6 adders
  A shadow imp (D:5)
  A white imp (D:6)
  2 ufetubi (D:6)
  An adder skeleton (D:4)
  A worm (D:3)
  2 dart slugs (D:2)
  18 orcs
  7 endoplasms
  3 giant cockroaches
  8 goblins
  9 hobgoblins
  10 kobolds
  2 quokkas
  8 ball pythons
  3 bats
  2 frilled lizards
  6 rats
125 creatures vanquished.

Notes
Turn   | Place    | Note
-------+----------+-------------------------------------------
     0 | D:1      | Kaptain the Gargoyle Earth Elementalist began the quest for
                  | the Orb.
     0 | D:1      | Reached XP level 1. HP: 10/10 MP: 3/3
   659 | D:1      | Reached XP level 2. HP: 16/16 MP: 3/5
  1562 | D:1      | Reached skill level 1 in Conjurations
  1563 | D:1      | Reached skill level 4 in Earth Magic
  1840 | D:2      | Found Oreurph's Distillery.
  1845 | D:2      | Reached XP level 3. HP: 20/20 MP: 4/6
  1849 | D:2      | Learned a level 3 spell: Stone Arrow
  1856 | D:2      | Bought a potion of degeneration for 11 gold pieces
  1856 | D:2      | Bought a potion of curing for 33 gold pieces
  1892 | D:2      | Reached skill level 1 in Fighting
  2279 | D:2      | Found a faded altar of an unknown god.
  2614 | D:3      | Reached XP level 4. HP: 25/25 MP: 5/7
  3206 | D:3      | Reached skill level 1 in Armour
  3403 | D:3      | Reached XP level 5. HP: 19/30 MP: 6/9
  3991 | D:4      | Reached XP level 6. HP: 35/36 MP: 6/10
  4095 | D:4      | Identified the +6 whip of Supply {vorpal, Str+8}
  4211 | D:4      | Noticed a black bear
  4216 | D:4      | Killed a black bear
  4217 | D:4      | Reached skill level 5 in Earth Magic
  4589 | D:4      | Found a staircase to the Ecumenical Temple.
  4599 | Temple   | Entered the Ecumenical Temple
  5161 | D:5      | Entered Level 5 of the Dungeon
  5256 | D:5      | Noticed Pikel
  5272 | D:5      | Reached XP level 7. HP: 25/41 MP: 5/12
  5278 | D:5      | Killed Pikel
  5279 | D:5      | Reached skill level 6 in Earth Magic
  5279 | D:5      | Reached XP level 8. HP: 14/48 MP: 0/14
  6826 | D:6      | Reached skill level 5 in Fighting
  6826 | D:6      | Reached skill level 5 in Conjurations
  6826 | D:6      | Reached skill level 7 in Earth Magic
  6906 | D:6      | Reached XP level 9. HP: 54/54 MP: 4/16
  7120 | D:6      | Reached skill level 5 in Spellcasting
  7617 | D:7      | Found a flagged portal.
  7640 | Bailey   | Entered a bailey
  8178 | Bailey   | Noticed an orc high priest
  8216 | Bailey   | Killed from afar by a ynoxinul

Illustrated notes

Levels and vault maps discovered:
D:1:      lightli_arrival_lavapool, layout_basic, serial_corexii_hall,
          chequers_hall_statues_wall_a, corexii_hall_statues_u,
          corexii_hall_statues_l, corexii_hall_statues_i,
          corexii_hall_statues_u, chequers_hall_statues_y, chequers_mini_garden
D:2:      minmay_angry_zag, layout_basic, dreamdust_ecumenical_altar_statues,
          serial_shops, nicolae_shop_stone
D:3:      layout_basic
D:4:      layout_gridville, minmay_temple_entry_trees
D:5:      layout_loops_ring, minmay_misc_feat_cross, uniq_pikel
D:6:      layout_gridville, kennysheep_generic_room_6
D:7:      layout_basic, enter_bailey_6
Temple:   mainiacjoe_temple_trianglar_array
Bailey:   bailey_axe_of_yendor_kennysheep, bailey

Skill      XL: |  1  2  3  4  5  6  7  8  9 |
---------------+----------------------------+-----
Conjurations   | 1 2 3 4 5 |  5.9
Earth Magic    | 4 5 6 7 |  7.7
Fighting       | 1 2 3 4 5 |  5.9
Armour         | 1 2 3 4 |  4.0
Dodging        | 2 3 |  3.6
Spellcasting   | 3 4 5 |  5.4
Stealth        | |  2.1
Transmutations | |  0.7

Action                   |  1- 3 |  4- 6 |  7- 9 || total
-------------------------+-------+-------+-------++-------
Melee: Dagger            |    17 |       |       ||    17
       Short sword       |    35 |    17 |       ||    52
       Falchion          |       |    15 |       ||    15
       Whip              |       |    10 |    73 ||    83
       Punch             |       |       |     1 ||     1
 Cast: Sandblast         |    44 |    44 |    17 ||   105
       Stone Arrow       |       |     7 |    57 ||    64
  Use: Potion            |       |       |     2 ||     2
 Stab: Sleeping          |     2 |     1 |       ||     3
Armor: Robe              |    23 |    22 |       ||    45
       Leather armour    |       |     3 |    15 ||    18
       Steam dragon scal |       |       |    16 ||    16
Dodge: Dodged            |    47 |    40 |    65 ||   152
